Map: Ephemeron LE

Players

Tran (MeomaikA)

  • Race: Zerg Zerg
  • Spawn Location: 5:00

Acampado (EnDerr) - Winner!

  • Race: Zerg Zerg
  • Spawn Location: 11:00

Event: SEA Games 2019

VOD

https://www.twitch.tv/videos/517630610?t=06h31m07s

Description

Time

  • Played on: Dec. 6, 2019, 1:34 a.m.
  • Length: 7:40

All games in this series

Show
View Real Time Build Order
Export as new Build Order

Tran Zerg 

Build Orders: Hatch First 

Get SALT Encoding   

  12  0:00  Drone  
  13  0:08  Drone  
  14  0:16  Overlord  
  14  0:23  Extractor, Drone  
  15  0:35  Drone x2  
  17  0:50  Hatchery  
  17  0:54  Drone  
  17  0:56  Extractor  
  16  1:10  Spawning Pool  
  15  1:13  Drone  
  15  1:17  Drone  
  17  1:20  Drone  
  18  1:28  Drone  
  19  1:38  Drone  
  20  1:48  Overlord  
  20  1:56  Metabolic Boost  
  20  1:57  Queen  
  22  2:02  Queen  
  22  2:06  Drone  
  25  2:08  Drone  
  25  2:11  Zergling x2  
  25  2:14  Drone  
  28  2:29  Zergling x2  
  29  2:33  Hatchery  
  29  2:36  Zergling x2  
  29  2:37  Zergling x2  
  29  2:40  Zergling x2  
  29  2:43  Zergling x2  
  32  2:45  Drone  
  33  2:52  Overlord  
  33  2:58  Zergling x2  
  34  3:04  Zergling x2  
  35  3:05  Overlord  
  35  3:06  Zergling x2  
  35  3:09  Overlord  
  35  3:11  Zergling x2  
  35  3:12  Zergling x2  
  38  3:15  Zergling x2  
  38  3:16  Zergling x2  
  38  3:19  Zergling x2  
  41  3:21  Zergling x2  
  41  3:26  Zergling x2  
  42  3:32  Zergling x2  
  42  3:36  Zergling x2  
  40  3:42  Drone x2  
  40  3:43  Drone x2  
  40  3:44  Drone  
  40  3:47  Drone x2  
  40  3:48  Drone  
  45  3:55  Zergling x2  
  45  3:56  Zergling x2  
  45  3:59  Drone  
  46  4:05  Zergling x2  
  46  4:07  Zergling x2  
  46  4:09  Zergling x2  
  46  4:18  Zergling x4  
  46  4:19  Zergling x2  
  46  4:20  Zergling x2  
  46  4:21  Zergling x2  
  46  4:22  Zergling x2  
  47  4:24  Queen, Zergling x2  
  47  4:25  Zergling x4  
  52  4:31  Zergling x2  
  52  4:32  Roach Warren, Zergling x2  
  52  4:34  Zergling x2  
  54  4:40  Zergling x2  
  54  4:43  Zergling x2  
  54  4:44  Zergling x2  
  56  4:50  Zergling x2  
  56  4:51  Queen  
  56  4:52  Zergling x2  
  54  4:54  Zergling x2  
  54  4:57  Zergling x6  
  54  4:58  Zergling x2  
  54  5:00  Zergling x2  
  55  5:07  Drone x2, Overlord  
  55  5:16  Roach x3  
  55  5:19  Roach  
  63  5:22  Roach  
  63  5:25  Roach  
  63  5:28  Roach  
  67  5:32  Roach  
  67  5:33  Roach  
  71  5:37  Roach x2  
  71  5:40  Roach  
  69  5:44  Roach  
  69  5:47  Zergling x4  
  63  5:50  Zergling x2  
  63  5:55  Zergling x2  
  55  5:57  Zergling x8  
  55  6:02  Zergling x4  
  53  6:04  Zergling x2  
  53  6:09  Zergling x2  
  49  6:17  Zergling x2  
  40  6:22  Zergling x2  
  40  6:23  Zergling x2  
Show
View Real Time Build Order
Export as new Build Order

Acampado Zerg - Winner!

Build Orders: Hatch First 

Get SALT Encoding   

  12  0:00  Drone  
  13  0:12  Overlord  
  13  0:17  Drone  
  14  0:32  Drone x2  
  16  0:49  Hatchery  
  15  0:52  Drone  
  15  0:55  Drone  
  17  0:59  Drone  
  18  1:10  Extractor  
  17  1:15  Spawning Pool  
  17  1:18  Drone  
  17  1:22  Drone  
  18  1:29  Drone  
  19  1:45  Drone  
  20  1:54  Drone  
  21  2:02  Queen x2  
  21  2:03  Zergling x4  
  27  2:11  Metabolic Boost  
  27  2:16  Overlord  
  27  2:17  Drone  
  28  2:31  Hatchery  
  28  2:36  Drone x2  
  29  2:41  Drone x2  
  31  2:51  Baneling Nest  
  31  2:53  Overlord  
  31  2:58  Drone x2  
  32  3:04  Zergling x2  
  32  3:05  Zergling x2  
  34  3:15  Drone x4  
  34  3:16  Zergling x2  
  34  3:17  Zergling x2  
  40  3:20  Zergling x2  
  40  3:23  Zergling x2  
  40  3:28  Zergling x2  
  41  3:35  Zergling x2  
  41  3:38  Baneling, Zergling x2  
  42  3:44  Zergling x2  
  42  3:46  Queen  
  42  3:47  Queen  
  45  3:50  Zergling x6  
  45  3:51  Zergling x2  
  45  3:54  Zergling x2  
  49  3:56  Baneling x3  
  49  4:01  Zergling x2  
  47  4:13  Zergling x2  
  44  4:17  Zergling x10  
  44  4:19  Zergling x4  
  44  4:22  Baneling x2  
  49  4:27  Overlord  
  49  4:28  Roach Warren  
  48  4:41  Zergling x4  
  48  4:42  Overlord  
  50  4:50  Zergling x8  
  50  4:51  Zergling x4  
  51  4:53  Zergling x2  
  51  4:55  Zergling x2  
  51  4:58  Zergling x10  
  56  5:01  Zergling x2  
  56  5:04  Zergling x2  
  56  5:06  Overlord  
  57  5:08  Zergling x2  
  57  5:11  Zergling x2  
  57  5:14  Baneling  
  59  5:15  Baneling x4  
  59  5:17  Zergling x2  
  59  5:33  Zergling x2  
  60  5:37  Zergling x8  
  60  5:38  Zergling x4  
  61  5:46  Zergling x8  
  61  5:48  Zergling x2  
  62  5:50  Zergling x2  
  62  5:51  Zergling x2  
  62  5:53  Zergling x2  
  62  5:54  Zergling x4  
  65  5:59  Zergling x2  
  65  6:03  Overlord  
  64  6:04  Zergling x4  
  64  6:05  Zergling x2  
  64  6:09  Zergling x2  
  65  6:14  Baneling  
  65  6:15  Baneling x2  
  65  6:16  Zergling x4  
  64  6:21  Zergling x2  
Tags
 
Add a new tag
Caveats
  • Supply blocks, unpowered buildings, or Contaminate may cause inaccurate times.
  • Supply counts are checked every 10 seconds.